Workbook

Sheet Таблица соответствия
E1: Таблица соответствия кодов бюджетной классификации расходов республиканского бюджета Республики Мордовия
A3: Код | B3: Код | C3: Код | D3: Код | E3: 2016 год | F3: 2015 год | G3: Наименование
A4: 01 | B4: 0 | C4: 00 | D4: 00000 | E4: =A4&B4&C4&D4 -> 0100000000 | F4: =LEFT(E4,3)&LEFT(D4,4) -> 0100000 | G4: Государственная программа развития здравоохранения Республики Мордовия на 2013-2020 годы
A5: 01 | B5: 1 | C5: 00 | D5: 00000 | E5: =A5&B5&C5&D5 -> 0110000000 | F5: =LEFT(E5,3)&LEFT(D5,4) -> 0110000 | G5: Подпрограмма «Профилактика заболеваний и формирование здорового образа жизни. Развитие первичной медико-санитарной помощи»
A6: 01 | B6: 1 | C6: 01 | D6: 00000 | E6: =A6&B6&C6&D6 -> 0110100000 | G6: Основное мероприятие «Развитие системы медицинской профилактики неинфекционных заболеваний и формирования здорового образа жизни»
A7: 01 | B7: 1 | C7: 01 | D7: 30930 | E7: =A7&B7&C7&D7 -> 0110130930 | F7: =LEFT(E7,3)&LEFT(D7,4) -> 0113093 | G7: Оказание отдельным категориям граждан государственной социальной помощи по обеспечению лекарственными препаратами, медицинскими изделиями, а также специализированными продуктами лечебного питания для детей-инвалидов
A8: 01 | B8: 1 | C8: 01 | D8: 51330 | E8: =A8&B8&C8&D8 -> 0110151330 | F8: =LEFT(E8,3)&LEFT(D8,4) -> 0115133 | G8: Осуществление организационных мероприятий по обеспечению лиц лекарственными препаратами, предназначенными для лечения больных злокачественными новообразованиями лимфоидной, кроветворной и родственных им тканей, гемофилией, муковисцидозом, гипофизарным нанизмом, болезнью Гоше, рассеянным склерозом, а также после трансплантации органов и (или) тканей
A9: 01 | B9: 1 | C9: 01 | D9: 51610 | E9: =A9&B9&C9&D9 -> 0110151610 | F9: =LEFT(E9,3)&LEFT(D9,4) -> 0115161 | G9: Реализация отдельных полномочий в области лекарственного обеспечения
A10: 01 | B10: 1 | C10: 01 | D10: 81350 | E10: =A10&B10&C10&D10 -> 0110181350 | F10: =LEFT(E10,3)&LEFT(D10,4) -> 0118135 | G10: Поликлиники, амбулатории, диагностические центры
A11: 01 | B11: 1 | C11: 01 | D11: 81490 | E11: =A11&B11&C11&D11 -> 0110181490 | F11: =LEFT(E11,3)&LEFT(D11,4) -> 0118149 | G11: Периодические издания, учрежденные органами законодательной и исполнительной власти
A12: 01 | B12: 1 | C12: 01 | D12: 85030 | E12: =A12&B12&C12&D12 -> 0110185030 | F12: =LEFT(E12,3)&LEFT(D12,4) -> 0118503 | G12: Мероприятия, направленные на формирование здорового образа жизни у граждан Российской Федерации, включая сокращение потребления алкоголя и табака
A13: 01 | B13: 1 | C13: 01 | D13: 85090 | E13: =A13&B13&C13&D13 -> 0110185090 | F13: =LEFT(E13,3)&LEFT(D13,4) -> 0118509 | G13: Осуществление организационных мероприятий по обеспечению лиц лекарственными препаратами, предназначенными для лечения больных злокачественными новообразованиями лимфоидной, кроветворной и родственных им тканей, гемофилией, муковисцидозом, гипофизарным нанизмом, болезнью Гоше, рассеянным склерозом, а также после трансплантации органов и (или) тканей за счет республиканского бюджета Республики Мордовия
A14: 01 | B14: 1 | C14: 02 | D14: 00000 | E14: =A14&B14&C14&D14 -> 0110200000 | G14: Основное мероприятие «Профилактика инфекционных заболеваний, включая иммунопрофилактику»
A15: 01 | B15: 1 | C15: 02 | D15: 81410 | E15: =A15&B15&C15&D15 -> 0110281410 | F15: =LEFT(E15,3)&LEFT(D15,4) -> 0118141 | G15: Дезинфекционные станции
A16: 01 | B16: 1 | C16: 02 | D16: 85010 | E16: =A16&B16&C16&D16 -> 0110285010 | F16: =LEFT(E16,3)&LEFT(D16,4) -> 0118501 | G16: Централизованные закупки медикаментов и медицинского оборудования
A17: 01 | B17: 1 | C17: 03 | D17: 00000 | E17: =A17&B17&C17&D17 -> 0110300000 | G17: Основное мероприятие «Профилактика ВИЧ, вирусных гепатитов B и C»
A18: 01 | B18: 1 | C18: 03 | D18: 51790 | E18: =A18&B18&C18&D18 -> 0110351790 | F18: =LEFT(E18,3)&LEFT(D18,4) -> 0115179 | G18: Реализация мероприятий по профилактике ВИЧ-инфекции и гепатитов В и С
A19: 01 | B19: 1 | C19: 03 | D19: 85010 | E19: =A19&B19&C19&D19 -> 0110385010 | F19: =LEFT(E19,3)&LEFT(D19,4) -> 0118501 | G19: Централизованные закупки медикаментов и медицинского оборудования
A20: 01 | B20: 1 | C20: 04 | D20: 00000 | E20: =A20&B20&C20&D20 -> 0110400000 | G20: Основное мероприятие «Развитие первичной медико-санитарной помощи, а также системы раннего выявления заболеваний, патологических состояний и факторов риска их развития, включая проведение медицинских осмотров и диспансеризации населения»
A21: 01 | B21: 1 | C21: 04 | D21: 79010 | E21: =A21&B21&C21&D21 -> 0110479010 | F21: =LEFT(E21,3)&LEFT(D21,4) -> 0117901 | G21: Средства на обязательное медицинское страхование неработающего населения в качестве уплаты страховых взносов
A22: 01 | B22: 1 | C22: 04 | D22: 79020 | E22: =A22&B22&C22&D22 -> 0110479020 | F22: =LEFT(E22,3)&LEFT(D22,4) -> 0117902 | G22: Средства на дополнительное финансовое обеспечение реализации территориальной программы обязательного медицинского страхования в части базовой программы обязательного медицинского страхования
A23: 01 | B23: 1 | C23: 04 | D23: 81330 | E23: =A23&B23&C23&D23 -> 0110481330 | F23: =LEFT(E23,3)&LEFT(D23,4) -> 0118133 | G23: Больницы, клиники, госпитали, медико-санитарные части
A24: 01 | B24: 1 | C24: 04 | D24: 81350 | E24: =A24&B24&C24&D24 -> 0110481350 | F24: =LEFT(E24,3)&LEFT(D24,4) -> 0118135 | G24: Поликлиники, амбулатории, диагностические центры
A25: 01 | B25: 1 | C25: 04 | D25: 81360 | E25: =A25&B25&C25&D25 -> 0110481360 | F25: =LEFT(E25,3)&LEFT(D25,4) -> 0118136 | G25: Фельдшерско-акушерские пункты
A26: 01 | B26: 1 | C26: 04 | D26: 81420 | E26: =A26&B26&C26&D26 -> 0110481420 | F26: =LEFT(E26,3)&LEFT(D26,4) -> 0118142 | G26: Учреждения, обеспечивающие предоставление услуг в сфере здравоохранения
A27: 01 | B27: 1 | C27: 04 | D27: 85010 | E27: =A27&B27&C27&D27 -> 0110485010 | F27: =LEFT(E27,3)&LEFT(D27,4) -> 0118501 | G27: Централизованные закупки медикаментов и медицинского оборудования
A28: 01 | B28: 1 | C28: 04 | D28: 85060 | E28: =A28&B28&C28&D28 -> 0110485060 | F28: =LEFT(E28,3)&LEFT(D28,4) -> 0118506 | G28: Мероприятия в области здравоохранения
A29: 01 | B29: 1 | C29: 05 | D29: 00000 | E29: =A29&B29&C29&D29 -> 0110500000 | G29: Основное мероприятие «Совершенствование механизмов обеспечения населения лекарственными препаратами, медицинскими изделиями, специализированными продуктами лечебного питания для детей-инвалидов в амбулаторных условиях»
A30: 01 | B30: 2 | C30: 00 | D30: 00000 | E30: =A30&B30&C30&D30 -> 0120000000 | F30: =LEFT(E30,3)&LEFT(D30,4) -> 0120000 | G30: Подпрограмма «Совершенствование оказания специализированной, включая высокотехнологичную, медицинской помощи»
A31: 01 | B31: 2 | C31: 01 | D31: 00000 | E31: =A31&B31&C31&D31 -> 0120100000 | G31: Основное мероприятие «Совершенствование системы оказания медицинской помощи больным туберкулезом»
A32: 01 | B32: 2 | C32: 01 | D32: 51740 | E32: =A32&B32&C32&D32 -> 0120151740 | F32: =LEFT(E32,3)&LEFT(D32,4) -> 0125174 | G32: Реализация отдельных полномочий в области лекарственного обеспечения финансовое обеспечение закупок антибактериальных и противотуберкулезных лекарственных препаратов (второго ряда), применяемых при лечении больных туберкулезом с множественной лекарственной устойчивостью возбудителя, и диагностических средств для выявления, определения чувствительности микобактерии туберкулеза и мониторинга лечения больных туберкулезом с множественной лекарственной устойчивостью возбудителя реализацию мероприятий по профилактике ВИЧ-инфекции и гепатитов B и C
A33: 01 | B33: 2 | C33: 01 | D33: 81330 | E33: =A33&B33&C33&D33 -> 0120181330 | F33: =LEFT(E33,3)&LEFT(D33,4) -> 0128133 | G33: Больницы, клиники, госпитали, медико-санитарные части
A34: 01 | B34: 2 | C34: 01 | D34: 85010 | E34: =A34&B34&C34&D34 -> 0120185010 | F34: =LEFT(E34,3)&LEFT(D34,4) -> 0128501 | G34: Централизованные закупки медикаментов и медицинского оборудования
A35: 01 | B35: 2 | C35: 02 | D35: 00000 | E35: =A35&B35&C35&D35 -> 0120200000 | G35: Основное мероприятие «Совершенствование оказания медицинской помощи лицам, инфицированным вирусом иммунодефицита человека, гепатитами B и C»
A36: 01 | B36: 2 | C36: 02 | D36: 50720 | E36: =A36&B36&C36&D36 -> 0120250720 | F36: =LEFT(E36,3)&LEFT(D36,4) -> 0125072 | G36: Финансовое обеспечение закупок антивирусных препаратов для профилактики и лечения лиц, инфицированных вирусами иммунодефицита человека и гепатитов B и C
A37: 01 | B37: 2 | C37: 02 | D37: 53820 | E37: =A37&B37&C37&D37 -> 0120253820 | F37: =LEFT(E37,3)&LEFT(D37,4) -> 0125382 | G37: Реализация отдельных мероприятий государственной программы Российской Федерации «Развитие здравоохранения»
A38: 01 | B38: 2 | C38: 02 | D38: 81330 | E38: =A38&B38&C38&D38 -> 0120281330 | F38: =LEFT(E38,3)&LEFT(D38,4) -> 0128133 | G38: Больницы, клиники, госпитали, медико-санитарные части
A39: 01 | B39: 2 | C39: 02 | D39: 81420 | E39: =A39&B39&C39&D39 -> 0120281420 | F39: =LEFT(E39,3)&LEFT(D39,4) -> 0128142 | G39: Учреждения, обеспечивающие предоставление услуг в сфере здравоохранения
A40: 01 | B40: 2 | C40: 02 | D40: 85080 | E40: =A40&B40&C40&D40 -> 0120285080 | F40: =LEFT(E40,3)&LEFT(D40,4) -> 0128508 | G40: Финансовое обеспечение закупок антивирусных препаратов для профилактики и лечения лиц, инфицированных вирусами иммунодефицита человека и гепатитов B и C за счет средств республиканского бюджета Республики Мордовия
A41: 01 | B41: 2 | C41: 02 | D41: R3820 | E41: =A41&B41&C41&D41 -> 01202R3820 | F41: =LEFT(E41,3)&VLOOKUP(D41,[1]НР!$A$3:$D$548,3,FALSE) -> 0128511 | G41: Софинансирование реализации отдельных мероприятий государственной программы Российской Федерации «Развитие здравоохранения»
A42: 01 | B42: 2 | C42: 03 | D42: 00000 | E42: =A42&B42&C42&D42 -> 0120300000 | G42: Основное мероприятие «Совершенствование системы оказания медицинской помощи наркологическим больным»
A43: 01 | B43: 2 | C43: 03 | D43: 81330 | E43: =A43&B43&C43&D43 -> 0120381330 | F43: =LEFT(E43,3)&LEFT(D43,4) -> 0128133 | G43: Больницы, клиники, госпитали, медико-санитарные части
A44: 01 | B44: 2 | C44: 04 | D44: 00000 | E44: =A44&B44&C44&D44 -> 0120400000 | G44: Основное мероприятие «Совершенствование системы оказания медицинской помощи больным с психическими расстройствами и расстройствами поведения»
A45: 01 | B45: 2 | C45: 04 | D45: 81330 | E45: =A45&B45&C45&D45 -> 0120481330 | F45: =LEFT(E45,3)&LEFT(D45,4) -> 0128133 | G45: Больницы, клиники, госпитали, медико-санитарные части
A46: 01 | B46: 2 | C46: 04 | D46: 81350 | E46: =A46&B46&C46&D46 -> 0120481350 | F46: =LEFT(E46,3)&LEFT(D46,4) -> 0128135 | G46: Поликлиники, амбулатории, диагностические центры
A47: 01 | B47: 2 | C47: 05 | D47: 00000 | E47: =A47&B47&C47&D47 -> 0120500000 | G47: Основное мероприятие «Совершенствование системы оказания медицинской помощи больным сосудистыми заболеваниями»
A48: 01 | B48: 2 | C48: 05 | D48: 81490 | E48: =A48&B48&C48&D48 -> 0120581490 | F48: =LEFT(E48,3)&LEFT(D48,4) -> 0128149 | G48: Периодические издания, учрежденные органами законодательной и исполнительной власти
A49: 01 | B49: 2 | C49: 06 | D49: 00000 | E49: =A49&B49&C49&D49 -> 0120600000 | G49: Основное мероприятие «Совершенствование системы оказания медицинской помощи больным онкологическими заболеваниями»
A50: 01 | B50: 2 | C50: 07 | D50: 00000 | E50: =A50&B50&C50&D50 -> 0120700000 | G50: Основное мероприятие «Совершенствование системы оказания скорой, в том числе специализированной, медицинской помощи, медицинской эвакуации»
A51: 01 | B51: 2 | C51: 07 | D51: 81330 | E51: =A51&B51&C51&D51 -> 0120781330 | F51: =LEFT(E51,3)&LEFT(D51,4) -> 0128133 | G51: Больницы, клиники, госпитали, медико-санитарные части
A52: 01 | B52: 2 | C52: 07 | D52: 81370 | E52: =A52&B52&C52&D52 -> 0120781370 | F52: =LEFT(E52,3)&LEFT(D52,4) -> 0128137 | G52: Станции скорой и неотложной помощи
A53: 01 | B53: 2 | C53: 07 | D53: 81420 | E53: =A53&B53&C53&D53 -> 0120781420 | F53: =LEFT(E53,3)&LEFT(D53,4) -> 0128142 | G53: Учреждения, обеспечивающие предоставление услуг в сфере здравоохранения
A54: 01 | B54: 2 | C54: 07 | D54: 85060 | E54: =A54&B54&C54&D54 -> 0120785060 | F54: =LEFT(E54,3)&LEFT(D54,4) -> 0128506 | G54: Мероприятия в области здравоохранения
A55: 01 | B55: 2 | C55: 08 | D55: 00000 | E55: =A55&B55&C55&D55 -> 0120800000 | G55: Основное мероприятие «Совершенствование оказания медицинской помощи пострадавшим при дорожно-транспортных происшествиях»
A56: 01 | B56: 2 | C56: 09 | D56: 00000 | E56: =A56&B56&C56&D56 -> 0120900000 | G56: Основное мероприятие «Совершенствование системы оказания медицинской помощи больным прочими заболеваниями»
A57: 01 | B57: 2 | C57: 09 | D57: 81330 | E57: =A57&B57&C57&D57 -> 0120981330 | F57: =LEFT(E57,3)&LEFT(D57,4) -> 0128133 | G57: Больницы, клиники, госпитали, медико-санитарные части
A58: 01 | B58: 2 | C58: 09 | D58: 81350 | E58: =A58&B58&C58&D58 -> 0120981350 | F58: =LEFT(E58,3)&LEFT(D58,4) -> 0128135 | G58: Поликлиники, амбулатории, диагностические центры
A59: 01 | B59: 2 | C59: 09 | D59: 85010 | E59: =A59&B59&C59&D59 -> 0120985010 | F59: =LEFT(E59,3)&LEFT(D59,4) -> 0128501 | G59: Централизованные закупки медикаментов и медицинского оборудования
A60: 01 | B60: 2 | C60: 09 | D60: 85050 | E60: =A60&B60&C60&D60 -> 0120985050 | F60: =LEFT(E60,3)&LEFT(D60,4) -> 0128505 | G60: Оплата расходов по лечению граждан при направлении их на лечение за пределы Республики Мордовия для оказания специализированной медицинской помощи
A61: 01 | B61: 2 | C61: 10 | D61: 00000 | E61: =A61&B61&C61&D61 -> 0121000000 | G61: Основное мероприятие «Совершенствование высокотехнологичной медицинской помощи»
A62: 01 | B62: 2 | C62: 10 | D62: 54020 | E62: =A62&B62&C62&D62 -> 0121054020 | F62: =LEFT(E62,3)&LEFT(D62,4) -> 0125402 | G62: Софинансирование расходов, возникающих при оказании гражданам Российской Федерации высокотехнологичной медицинской помощи, не включенной в базовую программу обязательного медицинского страхования
A63: 01 | B63: 2 | C63: 10 | D63: 85020 | E63: =A63&B63&C63&D63 -> 0121085020 | F63: =LEFT(E63,3)&LEFT(D63,4) -> 0128502 | G63: Высокотехнологичные виды медицинской помощи
A64: 01 | B64: 2 | C64: 10 | D64: R4020 | E64: =A64&B64&C64&D64 -> 01210R4020 | F64: =LEFT(E64,3)&VLOOKUP(D64,[1]НР!$A$3:$D$548,3,FALSE) -> 0128502 | G64: Софинансирование расходов, возникающих при оказании гражданам Российской Федерации высокотехнологичной медицинской помощи, не включенной в базовую программу обязательного медицинского страхования, за счет средств республиканского бюджета Республики Мордовия
A65: 01 | B65: 2 | C65: 11 | D65: 00000 | E65: =A65&B65&C65&D65 -> 0121100000 | G65: Основное мероприятие «Развитие службы крови»
A66: 01 | B66: 2 | C66: 11 | D66: 13100 | E66: =A66&B66&C66&D66 -> 0121113100 | F66: =LEFT(E66,3)&LEFT(D66,4) -> 0121310 | G66: Выплата денежной компенсации на питание донорам крови в соответствии с Федеральным законом от 20 июля 2012 года № 125-ФЗ «О донорстве крови и ее компонентов»
A67: 01 | B67: 2 | C67: 11 | D67: 81330 | E67: =A67&B67&C67&D67 -> 0121181330 | F67: =LEFT(E67,3)&LEFT(D67,4) -> 0128133 | G67: Больницы, клиники, госпитали, медико-санитарные части
A68: 01 | B68: 2 | C68: 11 | D68: 81400 | E68: =A68&B68&C68&D68 -> 0121181400 | F68: =LEFT(E68,3)&LEFT(D68,4) -> 0128140 | G68: Центры, станции и отделения переливания крови
A69: 01 | B69: 3 | C69: 00 | D69: 00000 | E69: =A69&B69&C69&D69 -> 0130000000 | F69: =LEFT(E69,3)&LEFT(D69,4) -> 0130000 | G69: Подпрограмма «Развитие частно-государственного партнерства»
A70: 01 | B70: 3 | C70: 01 | D70: 00000 | E70: =A70&B70&C70&D70 -> 0130100000 | G70: Основное мероприятие «Привлечение частных медицинских организаций с целью дальнейшего развития амбулаторно-поликлинической помощи»
A71: 01 | B71: 4 | C71: 00 | D71: 00000 | E71: =A71&B71&C71&D71 -> 0140000000 | F71: =LEFT(E71,3)&LEFT(D71,4) -> 0140000 | G71: Подпрограмма «Охрана здоровья матери и ребенка»
A72: 01 | B72: 4 | C72: 01 | D72: 00000 | E72: =A72&B72&C72&D72 -> 0140100000 | G72: Основное мероприятие «Совершенствование службы родовспоможения»
A73: 01 | B73: 4 | C73: 01 | D73: 81330 | E73: =A73&B73&C73&D73 -> 0140181330 | F73: =LEFT(E73,3)&LEFT(D73,4) -> 0148133 | G73: Больницы, клиники, госпитали, медико-санитарные части
A74: 01 | B74: 4 | C74: 01 | D74: 81340 | E74: =A74&B74&C74&D74 -> 0140181340 | F74: =LEFT(E74,3)&LEFT(D74,4) -> 0148134 | G74: Родильные дома
A75: 01 | B75: 4 | C75: 01 | D75: 81350 | E75: =A75&B75&C75&D75 -> 0140181350 | F75: =LEFT(E75,3)&LEFT(D75,4) -> 0148135 | G75: Поликлиники, амбулатории, диагностические центры
A76: 01 | B76: 4 | C76: 01 | D76: 85060 | E76: =A76&B76&C76&D76 -> 0140185060 | F76: =LEFT(E76,3)&LEFT(D76,4) -> 0148506 | G76: Мероприятия в области здравоохранения
A77: 01 | B77: 4 | C77: 02 | D77: 00000 | E77: =A77&B77&C77&D77 -> 0140200000 | G77: Основное мероприятие «Создание системы раннего выявления и коррекции нарушений развития ребенка»
A78: 01 | B78: 4 | C78: 02 | D78: 81430 | E78: =A78&B78&C78&D78 -> 0140281430 | F78: =LEFT(E78,3)&LEFT(D78,4) -> 0148143 | G78: Дома ребенка
A79: 01 | B79: 4 | C79: 02 | D79: 85010 | E79: =A79&B79&C79&D79 -> 0140285010 | F79: =LEFT(E79,3)&LEFT(D79,4) -> 0148501 | G79: Централизованные закупки медикаментов и медицинского оборудования
A80: 01 | B80: 4 | C80: 02 | D80: 85070 | E80: =A80&B80&C80&D80 -> 0140285070 | F80: =LEFT(E80,3)&LEFT(D80,4) -> 0148507 | G80: Мероприятия по пренатальной (дородовой) диагностике
A81: 01 | B81: 4 | C81: 02 | D81: 85120 | E81: =A81&B81&C81&D81 -> 0140285120 | F81: =LEFT(E81,3)&LEFT(D81,4) -> 0148512 | G81: Мероприятия по неонатальному и аудиологическому скринингу в учреждениях государственной и муниципальной систем здравоохранения
A82: 01 | B82: 4 | C82: 03 | D82: 00000 | E82: =A82&B82&C82&D82 -> 0140300000 | G82: Основное мероприятие «Выхаживание детей с экстремально низкой массой тела»
A83: 01 | B83: 4 | C83: 04 | D83: 00000 | E83: =A83&B83&C83&D83 -> 0140400000 | G83: Основное мероприятие «Развитие специализированной медицинской помощи детям»
A84: 01 | B84: 4 | C84: 05 | D84: 00000 | E84: =A84&B84&C84&D84 -> 0140500000 | G84: Основное мероприятие «Совершенствование методов борьбы с вертикальной передачей ВИЧ от матери к плоду»
A85: 01 | B85: 4 | C85: 06 | D85: 00000 | E85: =A85&B85&C85&D85 -> 0140600000 | G85: Основное мероприятие «Профилактика абортов. Развитие центров медико-социальной поддержки беременных, оказавшихся в трудной жизненной ситуации»
A86: 01 | B86: 5 | C86: 00 | D86: 00000 | E86: =A86&B86&C86&D86 -> 0150000000 | F86: =LEFT(E86,3)&LEFT(D86,4) -> 0150000 | G86: Подпрограмма «Развитие медицинской реабилитации и санаторно-курортного лечения, в том числе детям»
A87: 01 | B87: 5 | C87: 01 | D87: 00000 | E87: =A87&B87&C87&D87 -> 0150100000 | G87: Основное мероприятие «Развитие медицинской реабилитации, в том числе детям»
A88: 01 | B88: 5 | C88: 01 | D88: 81330 | E88: =A88&B88&C88&D88 -> 0150181330 | F88: =LEFT(E88,3)&LEFT(D88,4) -> 0158133 | G88: Больницы, клиники, госпитали, медико-санитарные части
A89: 01 | B89: 5 | C89: 01 | D89: 81340 | E89: =A89&B89&C89&D89 -> 0150181340 | F89: =LEFT(E89,3)&LEFT(D89,4) -> 0158134 | G89: Родильные дома
A90: 01 | B90: 5 | C90: 01 | D90: 81350 | E90: =A90&B90&C90&D90 -> 0150181350 | F90: =LEFT(E90,3)&LEFT(D90,4) -> 0158135 | G90: Поликлиники, амбулатории, диагностические центры
A91: 01 | B91: 5 | C91: 02 | D91: 00000 | E91: =A91&B91&C91&D91 -> 0150200000 | G91: Основное мероприятие «Развитие санаторно-курортного лечения, том числе детям»
A92: 01 | B92: 5 | C92: 02 | D92: 81380 | E92: =A92&B92&C92&D92 -> 0150281380 | F92: =LEFT(E92,3)&LEFT(D92,4) -> 0158138 | G92: Санатории для больных туберкулезом
A93: 01 | B93: 5 | C93: 02 | D93: 81390 | E93: =A93&B93&C93&D93 -> 0150281390 | F93: =LEFT(E93,3)&LEFT(D93,4) -> 0158139 | G93: Санатории для детей и подростков
A94: 01 | B94: 5 | C94: 02 | D94: 85040 | E94: =A94&B94&C94&D94 -> 0150285040 | F94: =LEFT(E94,3)&LEFT(D94,4) -> 0158504 | G94: Долечивание (реабилитация) работающих граждан непосредственно после стационарного лечения в условиях санаторно-курортного учреждения
A95: 01 | B95: 6 | C95: 00 | D95: 00000 | E95: =A95&B95&C95&D95 -> 0160000000 | F95: =LEFT(E95,3)&LEFT(D95,4) -> 0160000 | G95: Подпрограмма «Оказание паллиативной помощи, в том числе детям»
A96: 01 | B96: 6 | C96: 01 | D96: 00000 | E96: =A96&B96&C96&D96 -> 0160100000 | G96: Основное мероприятие «Оказание паллиативной помощи взрослым»
A97: 01 | B97: 6 | C97: 01 | D97: 81330 | E97: =A97&B97&C97&D97 -> 0160181330 | F97: =LEFT(E97,3)&LEFT(D97,4) -> 0168133 | G97: Больницы, клиники, госпитали, медико-санитарные части
A98: 01 | B98: 6 | C98: 01 | D98: 81420 | E98: =A98&B98&C98&D98 -> 0160181420 | F98: =LEFT(E98,3)&LEFT(D98,4) -> 0168142 | G98: Учреждения, обеспечивающие предоставление услуг в сфере здравоохранения
A99: 01 | B99: 6 | C99: 02 | D99: 00000 | E99: =A99&B99&C99&D99 -> 0160200000 | G99: Основное мероприятие «Оказание паллиативной помощи детям»
A100: 01 | B100: 7 | C100: 00 | D100: 00000 | E100: =A100&B100&C100&D100 -> 0170000000 | F100: =LEFT(E100,3)&LEFT(D100,4) -> 0170000 | G100: Подпрограмма «Кадровое обеспечение системы здравоохранения»
A101: 01 | B101: 7 | C101: 01 | D101: 00000 | E101: =A101&B101&C101&D101 -> 0170100000 | G101: Основное мероприятие «Повышение квалификации и переподготовка медицинских и фармацевтических работников»
...
